 Dungeon Crawl Stone Soup version 0.30-a0-29-g142975f185 (webtiles) character file.

Game seed: 4760821680094995706

7 Petya the Caller (level 1, -7/10 HPs)
             Began as a Deep Elf Summoner on Aug 26, 2022.
             Mangled by a gnoll
             ... wielding a +0 whip
              (8 damage)
             ... on level 2 of the Dungeon.
             The game lasted 00:03:50 (380 turns).

Petya the Caller (Deep Elf Summoner)                 Turns: 380, Time: 00:03:51

Health: -7/10      AC:  2    Str:  5    XL:     1   Next: 83%
Magic:  1/6        EV: 12    Int: 19    God:
Gold:   20         SH:  0    Dex: 15    Spells: 5/6 levels left

rFire   . . .      SeeInvis .    f - +0 club
rCold   . . .      Faith    .    (no shield)
rNeg    . . .      Spirit   .    a - +0 robe
rPois   .          Reflect  .    (no helmet)
rElec   .          Harm     .    (no cloak)
rCorr   .          Rampage  .    (no gloves)
Will    .....                    (no boots)
Stlth   ++........               (no amulet)
HPRegen 0.03/turn                (no ring)
MPRegen 0.10/turn                (no ring)

@: no status effects
A: no striking features
a: no special abilities


You were on level 2 of the Dungeon.
You visited 1 branch of the dungeon, and saw 2 of its levels.

You collected 20 gold pieces.

Inventory:

Hand Weapons
 f - a +0 club (weapon)
Armour
 a - a +0 robe (worn)
Scrolls
 c - a scroll of noise {unknown}
Potions
 b - a potion of magic
 d - a potion of might {unknown}
 e - 2 potions of lignification {unknown}


   Skills:
 - Level 2.4 Dodging
 - Level 2.4 Stealth
 - Level 3.0 Spellcasting
 + Level 4.8 Summonings


You had 5 spell levels left.
You knew the following spells:

 Your Spells              Type           Power      Damage    Failure   Level
a - Summon Small Mammal   Summ           84%        N/A       1%          1

Your spell library contained the following spells:

 Spells                   Type           Power      Damage    Failure   Level
 Call Imp                 Summ           21%        N/A       3%          2
 Call Canine Familiar     Summ           21%        N/A       6%          3
 Summon Guardian Golem    Hex/Summ       12%        N/A       17%         3
 Summon Lightning Spire   Summ/Air       12%        N/A       50%         4


Dungeon Overview and Level Annotations

Branches:
Dungeon (1/15)

Altars:


Message History

The ball python bites your quokka. The ball python misses your quokka.
Your quokka misses the ball python.
Casting: Summon Small Mammal (safe; 2% risk of failure)
Confirm with . or Enter, or press ? or * to list all spells.
The ball python bites your quokka but does no damage.
The ball python barely misses your quokka.
Your quokka bites the ball python.
The ball python dies!
Your quokka bites the gnoll but does no damage.
The gnoll hits your quokka with a +0 whip!
Your quokka dies!
Your quokka's corpse disappears in a puff of smoke!
Casting: Summon Small Mammal (safe; 1% risk of failure)
Confirm with . or Enter, or press ? or * to list all spells.
Your bat hits the gnoll.
Your bat closely misses the gnoll.
Your bat completely misses the gnoll.
Your bat hits the gnoll but does no damage.
The gnoll attacks as you move away! The gnoll closely misses you.
Your bat barely misses the gnoll.
Your rat closely misses the gnoll.
You barely miss the gnoll.
The gnoll is lightly wounded.
Your bat hits the gnoll but does no damage.
The gnoll barely misses you.
Your rat closely misses the gnoll.
The gnoll closely misses you.
Your rat bites the gnoll but does no damage.
You hit the gnoll.
The gnoll is moderately wounded.
Your bat barely misses the gnoll.
Your bat closely misses the gnoll.
Your bat hits the gnoll but does no damage.
Your bat completely misses the gnoll.
The gnoll hits you with a +0 whip.
* * * LOW HITPOINT WARNING * * *
Your rat barely misses the gnoll.
You barely miss the gnoll.
The gnoll is moderately wounded.
Your bat closely misses the gnoll.
Your bat misses the gnoll.
Your bat hits the gnoll but does no damage.
The gnoll misses you.
Your rat bites the gnoll.
The gnoll hits you with a +0 whip!
Ouch! That really hurt!
You die...

#. .... #?#...
#### #.#..# #rw##
#.#..# #gg@#
##..... #.#.#
#....# #.#b##
#§..##
##g#..###....#
#.g##.##...###
#......g†..###...
#####..)....?....
##....###....
##§..# ..#


You could see a worm, 2 gnolls, a friendly bat (summoned) and a friendly rat
(summoned).

Vanquished Creatures
  A hobgoblin (D:2)
1 creature vanquished.

Vanquished Creatures (collateral kills)
  A bat (D:2)
  A hobgoblin (D:1)
  A ball python (D:2)
  A goblin (D:2)
  A kobold (D:1)
  A rat (D:2)
6 creatures vanquished.

Grand Total: 7 creatures vanquished

Notes
Turn   | Place    | Note
-------+----------+-------------------------------------------
     0 | D:1      | Petya the Deep Elf Summoner began the quest for the Orb.
     0 | D:1      | Reached XP level 1. HP: 10/10 MP: 6/6
   328 | D:1      | You fall into a shaft and drop 1 floor!
   380 | D:2      | Mangled by a gnoll

Illustrated notes

Levels and vault maps discovered:
D:1:      dpeg_arrival_pits, layout_rooms
D:2:      layout_rooms, roderic_serpentine_path, hangedman_decor_growths

Action                   || total
-------------------------++-------
Melee: Club              ||    10
       Unarmed           ||     3
 Cast: Summon Small Mamm ||    12
Armor: Robe              ||     7
Dodge: Dodged            ||    30

Table legend: (Time is in decaauts)
 A = Elapsed time spent in this place.
 B = Non-inter-level travel time spent in this place.
 C = Inter-level travel time spent in this place.
 D = Time resting spent in this place.
 E = Time spent auto-exploring this place.
 F = Levels seen in this place.
 G = Mean time per level.
                   A        B        C        D        E       F      G
               +--------+--------+--------+--------+--------+-----+--------+
         Total |    381 |    381 |      0 |      0 |    243 |   2 |  190.5 |
       Dungeon |    381 |    381 |      0 |      0 |    243 |   2 |  190.5 |
               +--------+--------+--------+--------+--------+-----+--------+

Top non-repeatable levels by time:
     D:1: 327 daAuts
     D:2: 54 daAuts
